 Dungeon Crawl Stone Soup version 0.19-a0-1626-g5215c36 (webtiles) character file.

16 Amnesiac the Ruffian (level 2, 0/26 HPs)
             Began as a Ghoul Monk on Sept 18, 2016.
             Slain by a bat (1 damage)
             ... on level 3 of the Dungeon.
             The game lasted 00:01:08 (608 turns).

Amnesiac the Ruffian (Ghoul Monk)                    Turns: 608, Time: 00:01:08

Health: 0/26       AC:  2    Str: 19    XL:     2   Next: 58%
Magic:  1/1        EV: 13    Int:  5    God:
Gold:   84         SH:  0    Dex: 11    Spells: 0 memorised, 1 level left

rFire  + . .     SeeInvis .       - Unarmed
rCold  . . .     Gourm    .     a - +0 robe
rNeg   + + +     Faith    .     (no shield)
rPois  ∞         Spirit   .     (no helmet)
rElec  .         Dismiss  .     (no cloak)
rCorr  .         Reflect  .     (no gloves)
MR     .....     Harm     .     (no boots)
Stlth  ++........               (no amulet)
                                n - +5 ring of strength
                                d - ring of fire

@: rotting
A: rotting body, claws 1, carnivore 3, cold resistance 1, negative energy
resistance 3, slow regeneration 1, torment resistance, unbreathing
a: no special abilities


You were on level 3 of the Dungeon.
You were not hungry.

You visited 1 branch of the dungeon, and saw 3 of its levels.

You collected 84 gold pieces.

Inventory:

Armour
 a - a +0 robe (worn)
Jewellery
 d - a ring of fire (left claw)
 n - a +5 ring of strength (right claw)
Scrolls
 c - a scroll of remove curse {unknown}
 h - 2 scrolls of enchant weapon {unknown}
 i - 2 scrolls of identify {unknown}
 m - a scroll of enchant armour {unknown}
 o - a scroll of recharging {unknown}
Potions
 e - a potion of brilliance {unknown}
 k - a potion of agility {unknown}
 l - 2 potions of berserk rage {unknown}
Comestibles
 b - 2 meat rations
 f - a royal jelly
 g - 3 chunks of flesh
 j - a slice of pizza


   Skills:
 * Level 3.6 Fighting
 + Level 2.8 Dodging
 - Level 2.1 Stealth
 * Level 3.8 Unarmed Combat


You had one spell level left.
You didn't know any spells.

Dungeon Overview and Level Annotations

Branches:
Dungeon (3/15)

Altars:
Lugonu

Portals:
Abyss: D:1


Innate Abilities, Weirdness & Mutations

Your body is rotting away.
You thrive on raw meat.
You are immune to poison.
You have sharp fingernails.
You are carnivorous and can eat meat at any time.
Your flesh is cold resistant. (rC+)
You are immune to negative energy. (rN+++)
You regenerate slowly when monsters are visible.
You are immune to unholy pain and torment.
You can survive without breathing.


Message History

You are too injured to fight recklessly!
You are too injured to fight recklessly!
You are too injured to fight recklessly!
You are too injured to fight recklessly!
You are too injured to fight recklessly!
You are too injured to fight recklessly!
You are too injured to fight recklessly!
You are too injured to fight recklessly!
You are too injured to fight recklessly!
You are too injured to fight recklessly!
You are too injured to fight recklessly!
You are too injured to fight recklessly!
You are too injured to fight recklessly!
You miss the adder.
The adder is almost dead.
The bat closely misses you. The rat bites you but does no damage.
The adder bites you.
* * * LOW HITPOINT WARNING * * *
The bat hits you.
You die...

............
...........
#..........
....$)....
....)..#
#.....#### #
#.Sr....###### ..
#K.b......... #.
##.@.....#.#.
#.######.........
...#...#.......
##...##...(....
#..<###........
#...#...#...<...#
#...............##
...#########.....#
.. .......


You could see an adder, a bat, a kobold and a rat.

Vanquished Creatures
  A dart slug (D:1)
  A leopard gecko (D:1)
  A bat (D:3)
  3 giant cockroaches
  A hobgoblin (D:1)
  3 kobolds
  A goblin (D:2)
  A rat (D:2)
12 creatures vanquished.

Notes
Turn   | Place    | Note
-------+----------+-------------------------------------------
     0 | D:1      | Amnesiac the Ghoul Monk began the quest for the Orb.
     0 | D:1      | Reached XP level 1. HP: 19/19 MP: 0/0
   144 | D:1      | Found a one-way gate to the infinite horrors of the Abyss.
   144 | D:1      | Found a corrupted altar of Lugonu.
   144 | D:1      | Noticed an iron imp
   144 | D:1      | Noticed an iron imp
   144 | D:1      | Noticed a demonic crawler
   144 | D:1      | Noticed a demonic crawler
   144 | D:1      | Noticed a quasit
   145 | D:1      | Noticed an iron imp
   146 | D:1      | Noticed a demonic crawler
   148 | D:1      | Noticed an iron imp
   207 | D:1      | Reached XP level 2. HP: 25/26 MP: 1/1
   488 | D:2      | Found a faded altar of an unknown god.
   607 | D:3      | HP: 1/26 [adder (5)]
   608 | D:3      | Slain by a bat

Vault maps used:
D:1:      erik_arrival_cave_to_civilisation, minivault_14, minmay_tromino_i2
D:2:      ecumenical_altar_2, minmay_split_cup_large
D:3:      gup_sewer_entry_spiral

Action                   || total
-------------------------++-------
Melee: Unarmed           ||    40
 Stab: Sleeping          ||     2
  Eat: Chunk             ||     5
Armor: Robe              ||    14
Dodge: Dodged            ||    47
